 Dungeon Crawl Stone Soup version 0.23-a0-275-g0cf4261 (webtiles) character file.

26 Petrovich the Skirmisher (level 3, -2/29 HPs)
             Began as a Formicid Abyssal Knight on Oct 2, 2018.
             Was a Follower of Lugonu.
             Slain by a hound (4 damage)
             ... on level 2 of the Dungeon.
             The game lasted 00:02:07 (991 turns).

Petrovich the Skirmisher (Formicid Abyssal Knight)   Turns: 991, Time: 00:02:08

Health: -2/29      AC:  6    Str: 17    XL:     3   Next: 22%
Magic:  0/4        EV:  9    Int: 11    God:    Lugonu [*.....]
Gold:   14         SH:  0    Dex: 15    Spells: 2/2 levels left

rFire    . . .     SeeInvis +   a - +1 hand axe
rCold    . . .     Gourm    .   (no shield)
rNeg     . . .     Faith    .   k - +0 scale mail
rPois    .         Spirit   +   (helmet unavailable)
rElec    .         Reflect  .   (no cloak)
rCorr    .         Harm     .   (no gloves)
MR       .....                  (no boots)
Stlth    ..........             j - amulet of guardian spirit
HPRegen  0.09/turn              f - +5 ring of dexterity
MPRegen  0.09/turn              (no ring)

@: no status effects
A: permanent stasis, dig shafts and tunnels, four strong arms, antennae 3
a: Dig, Shaft Self, Depart the Abyss, Renounce Religion


You were on level 2 of the Dungeon.
You worshipped Lugonu.
Lugonu was aware of your devotion.
You were not hungry.

You visited 1 branch of the dungeon, and saw 2 of its levels.
You visited the Abyss 1 time.

You collected 14 gold pieces.

Inventory:

Hand Weapons
 a - a +1 hand axe (weapon)
 h - a +2 dagger of venom
Armour
 b - a +0 leather armour
 k - a +0 scale mail (worn)
Jewellery
 f - a +5 ring of dexterity (left hand)
 j - an amulet of guardian spirit (around neck)
Scrolls
 g - a scroll of fog {unknown}
 l - 3 scrolls of identify {unknown}
Potions
 d - a potion of haste {unknown}
 e - a potion of degeneration {unknown}
 i - a potion of berserk rage {unknown}
 m - 2 potions of might {unknown}
 o - a potion of brilliance {unknown}
Comestibles
 c - a ration
 n - 2 chunks of flesh


   Skills:
 + Level 3.6 Fighting
 * Level 2.6 Axes
 + Level 2.5 Armour
 - Level 0.8 Dodging
 + Level 2.6 Invocations


You had 2 spell levels left.
You didn't know any spells.
Your spell library was empty.

Dungeon Overview and Level Annotations

Branches:
Dungeon (2/15)

Altars:
Makhleb


Innate Abilities, Weirdness & Mutations

You cannot be hasted, slowed, berserked, paralysed or teleported.
You can dig through walls and to a lower floor.
Your four strong arms can wield two-handed weapons with a shield.
You have a pair of large antennae on your head. (SInv)


Message History

* * * LOW HITPOINT WARNING * * *
You hit the hound.
The hound is almost dead.
The hound bites you.
* * * LOW HITPOINT WARNING * * *
You closely miss the hound.
The hound is almost dead.
The hound bites you but does no damage. The hound barely misses you.
You barely miss the hound.
The hound is almost dead.
The hound barely misses you. The hound bites you.
* * * LOW HITPOINT WARNING * * *
You completely miss the hound.
The hound is almost dead.
The hound bites you.
* * * LOW HITPOINT WARNING * * *
You hit the hound but do no damage.
The hound is almost dead.
The hound bites you. x2
You die...

#.......#
#.###.#.#
#...#†# #.###.#
#.# #.# #.# #.#
#.###.####
#.#........####
#.>.......@h..#
#..##..#####...#
#.. #)## ..#.#
#.. #÷# ...?..#
#.. #.# _....#.#
#.. ..#
#....##.. ...#
#.##.. .. .####
## ### ..# ..


You could see a hound.

Vanquished Creatures
  A dart slug (D:1)
  4 bats (D:1)
  A giant cockroach (D:1)
  4 goblins
  2 hobgoblins (D:1)
  A quokka (D:2)
  A frilled lizard (D:2)
  6 kobolds
  4 rats
24 creatures vanquished.

Notes
Turn   | Place    | Note
-------+----------+-------------------------------------------
     0 | Abyss:1  | Petrovich the Formicid Abyssal Knight began the quest for
                  | the Orb.
     0 | Abyss:1  | Reached XP level 1. HP: 18/18 MP: 2/2
    24 | Abyss:1  | Noticed a chaos spawn
    27 | Abyss:1  | Noticed a small abomination
    29 | Abyss:1  | Noticed an ancient zyme
    31 | D:1      | Escaped the Abyss
   314 | D:1      | Reached XP level 2. HP: 18/24 MP: 1/3
   320 | D:1      | Reached * piety under Lugonu
   743 | D:1      | Reached XP level 3. HP: 29/29 MP: 4/4
   967 | D:2      | Found a burning altar of Makhleb.
   991 | D:2      | Slain by a hound

Vault maps used:
D:1:      mrwooster_arrival_statue, minmay_misc_feat_diagonals,
          hex_intersection, minivault_11
D:2:      marbit_many_paths, makhleb_heckhound_becter
Abyss:1:  evilmike_abyss_exit_13

Action                   || total
-------------------------++-------
Melee: Hand axe          ||    96
Invok: Depart the Abyss  ||     1
Armor: Scale mail        ||    56
       Leather armour    ||     2
Dodge: Dodged            ||    59

Table legend:
 A = Non-vault XP
 B = Vault XP
 C = Vault XP percentage of total XP
 D = Non-vault monster count
 E = Vault monster count
 F = Vault count percentage of total count
                 A         B        C        D         E       F
            +---------+---------+-------+---------+---------+-------
      Total |      38 |       0 |   0.0 |      24 |       0 |   0.0
            +---------+---------+-------+---------+---------+-------
        D:1 |      31 |       0 |   0.0 |      19 |       0 |   0.0
        D:2 |       7 |       0 |   0.0 |       5 |       0 |   0.0
            +---------+---------+-------+---------+---------+-------
